[Event "Dutch Open 2022"]
[Site "Dieren"]
[Date "2022.08.03"]
[Round "8.16"]
[White "Kohler, Aran"]
[Black "De Boer, Bas"]
[Result "0-1"]
[ECO "D00"]
[WhiteElo "2121"]
[BlackElo "2136"]
[Annotator "NA RC"]
[PlyCount "108"]
[EventDate "2022.07.14"]
[EventType "swiss"]
[EventCountry "NED"]
[SourceTitle "playchess.com"]
[Source "ChessBase"]
[SourceQuality "1"]
[TimeControl "40/5400+30:1800+30"]

1. d4 d5 2. Bf4 c5 3. e3 cxd4 4. Bxb8 Qa5+ 5. c3 Rxb8 6. exd4 Nf6 7. Bd3 g6 8. Nd2 Bg7 9. Ngf3 O-O 10. Ne5 Qc7 11. g4 b5 12. h4 Nd7 13. Nxd7 Bxd7 14. Qf3 e5 15. dxe5 Qxe5+ 16. Kf1 b4 17. Re1 Qf6 18. Re3 Qxf3 19. Nxf3 bxc3 20. bxc3 Bxg4 21. Ne5 Bxe5 22. Rxe5 Rb2 23. Kg2 Rd2 24. Rxd5 Bf5 25. Rxf5 gxf5 26. Bxf5 Rxa2 27. Rc1 Ra5 28. Be4 Rc5 29. c4 Rd8 30. f3 f5 31. Bb7 Kg7 32. Kf2 Rd4 33. Bd5 Rxh4 34. Ke3 a5 35. f4 Rc7 36. Rg1+ Rg4 37. Ra1 Ra7 38. Ra4 h5 39. c5 Kf6 40. c6 Rgg7 41. Kd4 h4 42. Kc5 h3 43. Ra2 a4 44. Re2 Rge7 45. Rh2 a3 46. Kd6 Rh7 47. Re2 Kg6 48. Rh2 Rh8 49. c7 Rc8 50. Rxh3 Rcxc7 51. Ke5 Re7+ 52. Kd6 Red7+ 53. Ke6 Rxd5 54. Rg3+ Kh6 0-1